[Event "Titled Tuesday Blitz October 18 Late 2022"]
[White "Tomaszewski, Kacper"]
[Black "Rosenberg, Evan S"]
[WhiteFideId "1127373"]
[BlackFideId "2019299"]
[WhiteElo "2211"]
[BlackElo "2355"]
[Result "1-0"]
[Round "06"]
[TimeControl "180+1"]
[Date "2022.10.19"]
[WhiteClock "0:00:09"]
[BlackClock "0:00:06"]

1. Nf3 d5 2. c4 d4 3. g3 Nc6 4. Bg2 e5 5. d3 Bb4+ 6. Nbd2 a5 7. O-O Nf6 8. a3 Bc5 9. Ne4 Nxe4 10. dxe4 Be6 11. Qc2 a4 12. Bd2 f6 13. Ne1 O-O 14. Nd3 b6 15. f4 Qd7 16. f5 Bf7 17. g4 Kh8 18. h4 Rg8 19. g5 g6 20. gxf6 gxf5 21. Rxf5 Rg4 22. Bh6 Bf8 23. Bg5 h6 24. Nf2 Rg3 25. Kh2 Rb3 26. Rh1 hxg5 27. hxg5 Bg6 28. Rf3 Rxf3 29. Bxf3 Kg8 30. Bg4 Qf7 31. Kg1 Nd8 32. Nd3 Bd6 33. Bf3 Ne6 34. c5 bxc5 35. Nf2 Nxg5 36. Ng4 Kf8 37. Rh8+ Qg8 38. Rxg8+ Kxg8 39. Qc4+ Bf7 40. Nh6+ Kf8 41. Nxf7 Nxf7 42. Bh5 Ng5 43. Qd5 Rb8 44. Qc6 Rd8 45. Kg2 Ne6 46. Kf2 Nf4 47. Bg4 Ng6 48. Bf5 Nf4 49. Qxa4 Nh5 50. Qb3 Nxf6 51. Qh3 Kg7 52. Qg3+ Kf8 53. Qg6 Ke7 54. Qg7+ Ke8 55. Bg6# 1-0


[Site "https://www.chess.com"]

[Event "Titled Tuesday Blitz October 18 Late 2022"]
[White "Torres Boch, Jose Francisco"]
[Black "Papp, Petra"]
[WhiteFideId "2278383"]
[BlackFideId "739049"]
[WhiteElo "2073"]
[BlackElo "2259"]
[Result "1-0"]
[Round "06"]
[TimeControl "180+1"]
[Date "2022.10.19"]
[WhiteClock "0:00:51"]
[BlackClock "0:01:07"]

1. e4 e5 2. Nf3 Nc6 3. Bb5 a6 4. Ba4 Nf6 5. O-O b5 6. Bb3 Bc5 7. a4 Rb8 8. c3 d6 9. d4 Bb6 10. a5 Ba7 11. h3 h6 12. Be3 O-O 13. Re1 Re8 14. dxe5 dxe5 15. Qxd8 Rxd8 16. Bxa7 Nxa7 17. Nxe5 Be6 18. Bxe6 fxe6 19. Nf3 c5 20. e5 Nd5 21. Nbd2 Nc6 22. Ne4 c4 23. Nc5 Nf4 24. Nxa6 Ra8 25. Nc7 Rxa5 26. Rxa5 Nxa5 27. g3 Nd3 28. Re2 b4 29. Nxe6 Ra8 30. Nc7 Nc6 31. Nxa8 1-0


[Site "https://www.chess.com"]

[Event "Titled Tuesday Blitz October 18 Late 2022"]
[White "Tsaruk, Maksim"]
[Black "Zierk, Steven"]
[WhiteFideId "13511173"]
[BlackFideId "2034255"]
[WhiteElo "2273"]
[BlackElo "2494"]
[Result "1/2-1/2"]
[Round "06"]
[TimeControl "180+1"]
[Date "2022.10.18"]
[WhiteClock "0:00:05"]
[BlackClock "0:00:23"]

1. e4 c6 2. d4 d5 3. Nc3 dxe4 4. Nxe4 Bf5 5. Ng3 Bg6 6. h4 h6 7. h5 Bh7 8. Nf3 Nd7 9. Bd3 Bxd3 10. Qxd3 Ngf6 11. Bd2 e6 12. O-O-O Bd6 13. Kb1 Qc7 14. Ne4 Nxe4 15. Qxe4 Nf6 16. Qe2 O-O-O 17. c4 c5 18. Bc3 cxd4 19. Nxd4 a6 20. Nb3 Qc6 21. f3 Bc7 22. g4 Rxd1+ 23. Rxd1 Rd8 24. Nd4 Qc5 25. b4 Qd6 26. Rd2 Qg3 27. Nb3 Rxd2 28. Nxd2 Bf4 29. Ne4 Qg1+ 30. Kc2 Qc1+ 31. Kb3 Qb1+ 32. Bb2 Nxe4 33. Qxe4 Qd1+ 34. Ka3 Bc1 35. Bxc1 Qxc1+ 36. Kb3 Qd2 37. Qc2 Qf4 38. Qc3 e5 39. Qd3 Kc7 40. c5 g6 41. hxg6 fxg6 42. Qd6+ Kc8 43. Ka4 Qxf3 44. Qxg6 Qe3 45. Qe6+ Kb8 46. Qd6+ Kc8 47. Qe6+ Kd8 48. Qd6+ Kc8 49. Qf8+ Kd7 50. Qd6+ Kc8 1/2-1/2


[Site "https://www.chess.com"]

[Event "Titled Tuesday Blitz October 18 Late 2022"]
[White "Turutin, Alexander"]
[Black "Pinheiro, Iung Alicio de O."]
[WhiteFideId "4180623"]
[BlackFideId "2104350"]
[WhiteElo "2402"]
[BlackElo "2283"]
[Result "0-1"]
[Round "06"]
[TimeControl "180+1"]
[Date "2022.10.19"]
[WhiteClock "0:00:04"]
[BlackClock "0:00:10"]

1. e4 c5 2. Nf3 Nc6 3. Bb5 e5 4. O-O d6 5. c3 Nf6 6. d4 Bd7 7. d5 Ne7 8. Qa4 a6 9. Bxd7+ Nxd7 10. c4 g6 11. Nc3 Bg7 12. a3 O-O 13. b4 Rc8 14. b5 a5 15. b6 Ra8 16. Rb1 Nxb6 17. Qb5 Ra6 18. Na4 Nxa4 19. Qxa4 Ra7 20. Bd2 h6 21. Rb5 b6 22. Rfb1 Nc8 23. Be3 Kh7 24. Ne1 f5 25. exf5 gxf5 26. f4 Re7 27. Nf3 exf4 28. Bxf4 Re4 29. g3 Rg8 30. Kh1 Qe7 31. R5b3 Be5 32. Bxe5 dxe5 33. Qc6 f4 34. d6 Qxd6 35. Qxe4+ Kh8 36. Re1 Re8 37. Rd3 Qf6 38. Nxe5 Nd6 39. Ng6+ Kg7 40. Rxd6 Rxe4 0-1


[Site "https://www.chess.com"]

[Event "Titled Tuesday Blitz October 18 Late 2022"]
[White "Ventura Bolet, Maxim"]
[Black "Thomforde-Toates, Noah"]
[WhiteFideId "22238824"]
[BlackFideId "30951992"]
[WhiteElo "2186"]
[BlackElo "2656"]
[Result "0-1"]
[Round "06"]
[TimeControl "180+1"]
[Date "2022.10.19"]
[WhiteClock "0:00:02"]
[BlackClock "0:00:06"]

1. c4 Nf6 2. g3 g6 3. Bg2 d6 4. Nc3 Bg7 5. e4 O-O 6. Nge2 c5 7. O-O Nc6 8. d3 Bd7 9. h3 Ne8 10. Be3 Nc7 11. f4 f5 12. Rb1 Rb8 13. Nd5 e6 14. Nxc7 Qxc7 15. b3 b5 16. Qd2 b4 17. Kh2 Nd4 18. Rbc1 Bc6 19. Rfe1 fxe4 20. dxe4 e5 21. Rcd1 Qb7 22. Bxd4 cxd4 23. Nc1 exf4 24. gxf4 Rxf4 25. Nd3 Rf7 26. c5 Be5+ 27. Kh1 Bg3 28. Re2 Rbf8 29. Qg5 Rf3 30. Bxf3 Rxf3 31. Qg4 Qf7 32. Qc8+ Be8 33. Rg1 Rf1 34. Rg2 Rxg1+ 35. Rxg1 Qf3+ 36. Rg2 Qf1+ 37. Rg1 Qf3+ 38. Rg2 Qxe4 39. cxd6 Bxd6 40. Nf2 Qe1+ 41. Rg1 Qe7 42. Qg4 Bc6+ 43. Rg2 Qe1# 0-1


[Site "https://www.chess.com"]

[Event "Titled Tuesday Blitz October 18 Late 2022"]
[White "Vusatiuk, Vladimir"]
[Black "Jaracz, Pawel"]
[WhiteFideId "14118610"]
[BlackFideId "1102222"]
[WhiteElo "2208"]
[BlackElo "2459"]
[Result "0-1"]
[Round "06"]
[TimeControl "180+1"]
[Date "2022.10.18"]
[WhiteClock "0:00:07"]
[BlackClock "0:00:16"]

1. Nf3 d5 2. d4 Nf6 3. g3 Bg4 4. Bg2 c6 5. c4 e6 6. O-O Nbd7 7. Ne5 Bf5 8. Nc3 Be7 9. Qb3 Qc8 10. Nxd7 Qxd7 11. Bg5 O-O 12. Rad1 Rad8 13. e3 h6 14. Bxf6 Bxf6 15. cxd5 exd5 16. Qa3 a6 17. Na4 Be7 18. Qc3 Bd6 19. Nc5 Qc8 20. Rc1 Rfe8 21. a3 Re7 22. b4 Bh3 23. a4 h5 24. b5 axb5 25. axb5 h4 26. bxc6 bxc6 27. Nd3 Bxg2 28. Kxg2 Qf5 29. Rfd1 Re6 30. Qc2 hxg3 31. hxg3 Rh6 32. Nf4 Qg4 33. Qe2 Qf5 34. Qf3 Bxf4 35. exf4 Qh3+ 36. Kg1 Qh2+ 37. Kf1 Re8 38. Qg2 Qh5 39. Kg1 Re2 40. Rd3 Rhe6 41. Rf1 Qf5 42. Rc3 Re1 43. Kh2 Qh5+ 44. Kg1 Rd1 45. Qf3 Rxf1+ 46. Kxf1 Qh3+ 47. Qg2 Re1+ 48. Kxe1 Qxg2 49. Re3 g6 50. Ke2 Qh1 51. Rc3 Qe4+ 52. Kf1 Qxd4 53. Rxc6 Qd3+ 54. Kg2 d4 55. Rd6 Qe4+ 56. Kf1 d3 57. Rd8+ Kg7 58. Kg1 d2 59. Rxd2 Qe1+ 60. Kg2 Qxd2 0-1


[Site "https://www.chess.com"]

[Event "Titled Tuesday Blitz October 18 Late 2022"]
[White "Wiebe, Isaac"]
[Black "Hirneise, Jens"]
[WhiteFideId "2623862"]
[BlackFideId "24614734"]
[WhiteElo "2251"]
[BlackElo "2344"]
[Result "0-1"]
[Round "06"]
[TimeControl "180+1"]
[Date "2022.10.19"]
[WhiteClock "0:00:02"]
[BlackClock "0:00:04"]

1. d4 Nf6 2. c4 e6 3. Nc3 d5 4. Bg5 Be7 5. e3 O-O 6. Rc1 a6 7. cxd5 exd5 8. Nf3 Be6 9. Bd3 Nbd7 10. O-O Re8 11. Qc2 Rc8 12. Rfd1 Nf8 13. Bf5 Qd7 14. Bxe6 Nxe6 15. Bh4 Qd8 16. Ne5 c6 17. a3 Nd7 18. Bxe7 Rxe7 19. Nxd7 Rxd7 20. Na4 h5 21. Nc5 Nxc5 22. Qxc5 h4 23. h3 Rd6 24. Qc2 Rg6 25. Qf5 Rc7 26. b4 Re7 27. a4 Ree6 28. b5 Ref6 29. Qe5 axb5 30. axb5 Qd7 31. Kf1 Rf5 32. Qb8+ Kh7 33. bxc6 bxc6 34. Rb1 Rfg5 35. Qf4 Rxg2 36. Qxh4+ Rh6 37. Qxh6+ Kxh6 38. Kxg2 Qf5 39. Rb6 Qe4+ 40. Kf1 Qf3 41. Re1 Qxh3+ 42. Ke2 Qg4+ 43. Kd2 Qe6 44. Rh1+ Kg5 45. Rg1+ Kf6 46. Rbb1 g5 47. Rbc1 Qd6 48. Rc5 Kf5 49. Rgc1 f6 50. Rxc6 Qb4+ 51. Ke2 Qb5+ 52. Ke1 Kg4 53. R6c5 Qb4+ 54. Kf1 f5 55. Rxd5 Qd2 56. Rdc5 f4 57. R5c3 f3 58. e4 Qe2+ 59. Kg1 Qxe4 60. Rd1 Qd5 61. Rdd3 Kf4 62. Re3 g4 63. Rcd3 Qc4 64. Kh2 Qc2 65. Kg1 Qc1+ 66. Kh2 Qf1 67. Rd2 Qh3+ 68. Kg1 Qg2# 0-1


[Site "https://www.chess.com"]

[Event "Titled Tuesday Blitz October 18 Late 2022"]
[White "Wiegmann, Sascha"]
[Black "Rosen, Eric"]
[WhiteFideId "4682041"]
[BlackFideId "2032562"]
[WhiteElo "2305"]
[BlackElo "2362"]
[Result "0-1"]
[Round "06"]
[TimeControl "180+1"]
[Date "2022.10.19"]
[WhiteClock "0:00:09"]
[BlackClock "0:01:00"]

1. Nf3 Nf6 2. g3 d5 3. Bg2 e6 4. O-O Be7 5. d3 O-O 6. Nbd2 b6 7. e4 dxe4 8. dxe4 Bb7 9. e5 Nfd7 10. Re1 Nc6 11. h4 Qc8 12. c3 Rd8 13. Qc2 Nc5 14. Ne4 Nd3 15. Neg5 h6 16. Re3 hxg5 17. Rxd3 Rxd3 18. Qxd3 g4 19. Nd4 Nxe5 20. Qe2 Bxg2 21. Qxe5 Qb7 22. Bg5 Bh3 23. f3 Bc5 24. Bh6 gxh6 25. Qf4 Qxf3 26. Qxf3 gxf3 27. Kf2 e5 0-1


[Site "https://www.chess.com"]

[Event "Titled Tuesday Blitz October 18 Late 2022"]
[White "Winterberg, Lukas"]
[Black "Rose, Felix"]
[WhiteFideId "24622702"]
[BlackFideId "5105722"]
[WhiteElo "2349"]
[BlackElo "2039"]
[Result "0-1"]
[Round "06"]
[TimeControl "180+1"]
[Date "2022.10.19"]
[WhiteClock "0:00:05"]
[BlackClock "0:00:18"]

1. d4 d5 2. Nf3 Nf6 3. c4 e6 4. Nc3 c6 5. e3 Nbd7 6. Qc2 Bd6 7. Bd3 dxc4 8. Bxc4 b5 9. Be2 Bb7 10. O-O a6 11. e4 c5 12. dxc5 Bxc5 13. e5 Nd5 14. Bg5 Qb6 15. a4 b4 16. Ne4 Rc8 17. Nxc5 Rxc5 18. Qd2 h6 19. Be3 Nxe3 20. Qxe3 Bxf3 21. Bxf3 Rxe5 22. Qd2 Nc5 23. a5 Qb8 24. Bc6+ Ke7 25. Rad1 Rd8 26. Qc2 Qc7 27. Bf3 Qxa5 28. Qh7 Kf6 29. Qc2 b3 30. Qc1 Rxd1 31. Rxd1 Nd3 32. Qb1 Re1+ 33. Rxe1 Qxe1+ 34. Qxe1 Nxe1 35. Bd1 Nd3 36. Bxb3 Nxb2 37. Kf1 a5 38. Ke2 Ke5 39. Ba2 Kd4 40. Kd2 Nc4+ 41. Kc2 e5 42. Kb3 f5 43. Ka4 e4 44. Kb5 Nd2 45. Kxa5 f4 46. Kb4 e3 47. fxe3+ fxe3 0-1


[Site "https://www.chess.com"]

[Event "Titled Tuesday Blitz October 18 Late 2022"]
[White "Yanchenko, Roman"]
[Black "De La Colina, Nicolas"]
[WhiteFideId "4137329"]
[BlackFideId "30946921"]
[WhiteElo "2514"]
[BlackElo "2046"]
[Result "0-1"]
[Round "06"]
[TimeControl "180+1"]
[Date "2022.10.18"]
[WhiteClock "0:00:17"]
[BlackClock "0:00:17"]

1. d4 g6 2. Nf3 Bg7 3. c4 f5 4. Nc3 Nf6 5. g3 O-O 6. Bg2 d6 7. d5 c6 8. O-O e5 9. dxe6 Bxe6 10. Qd3 Na6 11. Ng5 Bc8 12. Rd1 Ne8 13. c5 d5 14. Nxd5 cxd5 15. Bxd5+ Kh8 16. Qc2 Qe7 17. Bf4 Nb4 18. Qc4 Nxd5 19. Qxd5 Nf6 20. Qd6 Qxd6 21. Bxd6 Re8 22. e3 Kg8 23. Nf3 Bd7 24. Ne5 Rac8 25. f4 Be6 26. b4 Ng4 27. a4 Nxe5 28. fxe5 Bf7 29. Kf2 Bxe5 30. Bxe5 Rxe5 31. Rd7 Bd5 32. Rd1 Be4 33. R1d6 a6 34. h4 a5 35. bxa5 Rexc5 36. a6 Rc2+ 37. Ke1 Rc1+ 38. Kf2 R8c2+ 39. Rd2 Rxd2+ 40. Rxd2 bxa6 41. g4 Rc2 42. Rxc2 Bxc2 43. gxf5 Bxf5 44. a5 Bd7 45. Kf3 Kf7 46. Ke4 Ke6 47. Kf4 Bb5 48. Kg5 Kf7 49. Kh6 Kg8 50. e4 Be8 51. Kg5 Kg7 52. Kf4 Kf6 53. e5+ Ke6 54. Ke4 Bb5 55. Kf4 h6 56. Ke4 Bc6+ 57. Kf4 Bd5 58. Kg4 Kxe5 59. Kg3 Kf5 60. h5 g5 61. Kh3 Bc4 62. Kg3 Bb5 63. Kh3 Kf4 64. Kh2 Kg4 65. Kg2 Kxh5 66. Kg3 Kg6 67. Kg4 h5+ 68. Kh3 0-1


[Site "https://www.chess.com"]

[Event "Titled Tuesday Blitz October 18 Late 2022"]
[White "Yano, William Jorge Froes"]
[Black "Hajiyev, Kanan"]
[WhiteFideId "2112949"]
[BlackFideId "13404148"]
[WhiteElo "2122"]
[BlackElo "2118"]
[Result "0-1"]
[Round "06"]
[TimeControl "180+1"]
[Date "2022.10.19"]
[WhiteClock "0:00:16"]
[BlackClock "0:00:08"]

1. e4 c6 2. Nc3 d5 3. Qf3 a6 4. exd5 Nf6 5. dxc6 Nxc6 6. h3 Nd4 7. Qd1 Bf5 8. d3 e5 9. Nf3 Bb4 10. Be2 O-O 11. O-O Re8 12. Bg5 Rc8 13. Nh4 h6 14. Bxf6 gxf6 15. Nxf5 Nxf5 16. Ne4 Ng7 17. c3 Bf8 18. Qb3 f5 19. Ng3 Rc7 20. Rad1 Bc5 21. Kh1 Ba7 22. Bf3 Qg5 23. Kh2 h5 24. Qa4 h4 25. Nh5 b5 26. Qa5 Nxh5 27. Qxc7 Bb8 28. Qc6 e4+ 29. Kg1 Re6 30. Qc8+ Kg7 31. dxe4 Qf4 32. Bxh5 Qh2# 0-1


[Site "https://www.chess.com"]

[Event "Titled Tuesday Blitz October 18 Late 2022"]
[White "Yeletsky, Ivan"]
[Black "Amburgy, Ryan"]
[WhiteFideId "24180327"]
[BlackFideId "30924820"]
[WhiteElo "2391"]
[BlackElo "2121"]
[Result "1-0"]
[Round "06"]
[TimeControl "180+1"]
[Date "2022.10.18"]
[WhiteClock "0:00:26"]
[BlackClock "0:00:24"]

1. Nf3 d5 2. g3 Nf6 3. Bg2 g6 4. c4 dxc4 5. Na3 Bg7 6. Nxc4 O-O 7. O-O Nbd7 8. d3 Nb6 9. Na5 c6 10. Bd2 Nfd5 11. Qc2 Qc7 12. e4 Nf6 13. Bf4 Qd8 14. Rfd1 Nbd7 15. Qd2 Nc5 16. b4 Ne6 17. Bh6 Qc7 18. Bxg7 Kxg7 19. Rac1 Rd8 20. Qb2 Kg8 21. Nc4 Ng7 22. h3 Be6 23. Na5 Qb6 24. a3 h5 25. Ng5 Rd7 26. d4 Rad8 27. Rd2 Rxd4 28. Rxd4 Qxd4 29. Qxd4 Rxd4 30. Nxb7 Rd3 31. Na5 Rxa3 32. Nxc6 Bd7 33. Nxe7+ Kf8 34. Nc8 Ne6 35. Nxe6+ Bxe6 36. Nd6 a6 37. Bf1 Ra4 38. Rb1 Ke7 39. e5 Nd5 40. b5 axb5 41. Bxb5 Rb4 42. Rxb4 Nxb4 43. h4 Nc2 44. f4 Nd4 45. Bd3 Nc6 46. Nb7 Nd4 47. Kf2 Bf5 48. Bf1 Ne6 49. Nd6 Bc2 50. Bc4 Bb1 51. Ke3 Bc2 52. Bxe6 Kxe6 53. Nb5 Bb1 54. Nd4+ Kd5 55. Ne2 Bf5 56. Nc3+ Ke6 57. Ne4 Kd5 58. Ng5 Be6 59. Kd3 Bf5+ 60. Kd2 Be6 61. Ke3 Kc6 62. Nxe6 fxe6 63. Kf3 Kd7 64. g4 hxg4+ 65. Kxg4 1-0


[Site "https://www.chess.com"]

[Event "Titled Tuesday Blitz October 18 Late 2022"]
[White "Yurtseven, Melih"]
[Black "Itkis, Boris"]
[WhiteFideId "6312160"]
[BlackFideId "1209167"]
[WhiteElo "2218"]
[BlackElo "2232"]
[Result "1-0"]
[Round "06"]
[TimeControl "180+1"]
[Date "2022.10.19"]
[WhiteClock "0:00:23"]
[BlackClock "0:00:05"]

1. b3 Nf6 2. Bb2 d5 3. e3 Nbd7 4. Nf3 c6 5. c4 e6 6. g3 Be7 7. Bg2 O-O 8. O-O b5 9. cxb5 cxb5 10. Nc3 b4 11. Ne2 Ba6 12. d3 Rc8 13. Qd2 Qb6 14. a3 Nc5 15. Nc1 bxa3 16. Bxa3 Rfe8 17. Nd4 e5 18. Nf5 Bf8 19. Qa2 g6 20. Nh4 Re6 21. Rd1 d4 22. exd4 exd4 23. Nf3 Rd8 24. Ng5 Re5 25. f4 Rxg5 26. fxg5 Nfd7 27. Bd5 Bb7 28. Bxc5 Nxc5 29. Bxb7 Qxb7 30. Qxa7 Qf3 31. Rf1 Qe3+ 32. Kg2 Re8 33. Qxf7+ Kh8 34. Rf3 Qd2+ 35. Rf2 Qe3 36. Re2 Qxe2+ 37. Nxe2 Rxe2+ 38. Kf1 1-0


[Site "https://www.chess.com"]

[Event "Titled Tuesday Blitz October 18 Late 2022"]
[White "Zakaryan, David"]
[Black "Deac, Bogdan-Daniel"]
[WhiteFideId "24101923"]
[BlackFideId "1226380"]
[WhiteElo "2409"]
[BlackElo "2648"]
[Result "0-1"]
[Round "06"]
[TimeControl "180+1"]
[Date "2022.10.18"]
[WhiteClock "0:00:16"]
[BlackClock "0:00:15"]

1. g3 d5 2. Nf3 Nf6 3. Bg2 e6 4. O-O Be7 5. d3 O-O 6. Nbd2 Nc6 7. e4 dxe4 8. dxe4 e5 9. c3 a5 10. Qc2 Bc5 11. Nc4 Qe7 12. Nh4 Rd8 13. Ne3 Be6 14. b3 g6 15. a4 Rd7 16. Rd1 Rad8 17. Rxd7 Qxd7 18. Bf1 Bh3 19. Bc4 Ne7 20. Nf3 Nc6 21. Ng5 Rf8 22. Bd2 h6 23. Nxh3 Qxh3 24. Bf1 Qh5 25. h3 Rd8 26. Bg2 Qe2 27. Be1 Qxc2 28. Nxc2 h5 29. Bf3 Kg7 30. Kf1 h4 31. g4 Nh7 32. Rd1 Rxd1 33. Bxd1 Ng5 34. f3 Nxh3 35. Bxh4 Nf4 36. Bf2 Bxf2 37. Kxf2 Kf6 38. Be2 Ke7 39. Ke3 Nb8 40. Bf1 b6 41. Na3 f6 42. Nc4 Ne6 43. b4 Nc6 44. bxa5 Nxa5 45. Nxa5 bxa5 46. Bb5 Nc5 47. f4 g5 48. fxg5 fxg5 49. Ke2 Kd6 50. Ke3 c6 51. Be2 Nxa4 52. Kd3 Nc5+ 53. Ke3 Kc7 54. Bc4 a4 55. Ba2 Kb6 56. Bc4 a3 57. Ba2 Kb5 58. Bf7 Ka4 59. Ba2 Ka5 60. Bc4 Na4 61. Kd3 Nb2+ 62. Kc2 Nxc4 63. Kb3 Nd2+ 64. Kxa3 Nxe4 65. Kb3 Kb5 66. Kc2 Kc4 67. Kd1 Kd3 68. Ke1 c5 69. Kf1 c4 70. Kg2 Ke2 71. Kh3 Nxc3 72. Kh2 Ne4 73. Kg2 c3 74. Kh3 c2 75. Kh2 c1=Q 76. Kh3 Qh1# 0-1


[Site "https://www.chess.com"]

[Event "Titled Tuesday Blitz October 18 Late 2022"]
[White "Zeynalli, Rashad"]
[Black "Lorenzo De La Riva, Lazaro"]
[WhiteFideId "13403320"]
[BlackFideId "2268809"]
[WhiteElo "2125"]
[BlackElo "2325"]
[Result "1-0"]
[Round "06"]
[TimeControl "180+1"]
[Date "2022.10.19"]
[WhiteClock "0:00:13"]
[BlackClock "0:00:25"]

1. d4 d5 2. Bf4 Nf6 3. e3 c5 4. c3 e6 5. Nd2 Bd6 6. Bg3 Qc7 7. Ngf3 Nbd7 8. Bd3 O-O 9. Qe2 e5 10. dxe5 Nxe5 11. Nxe5 Bxe5 12. Bh4 Bg4 13. f3 Be6 14. f4 Bd6 15. Bxf6 gxf6 16. Qh5 f5 17. g4 f6 18. gxf5 Bd7 19. Rg1+ Kh8 20. Qh6 Bc6 21. O-O-O Qe7 22. Rg3 Rg8 23. Rdg1 Rxg3 24. Rxg3 Rg8 25. Rxg8+ Kxg8 26. Nf1 Qg7 27. Qxg7+ Kxg7 28. Kd2 d4 29. Ng3 dxe3+ 30. Kxe3 Kh6 31. Be4 Bxe4 32. Nxe4 Be7 33. c4 Kh5 34. Kf3 Kh4 35. Nf2 b6 36. Ke4 Bd6 37. Kf3 h5 38. Ne4 Be7 39. Ng3 Bd6 40. b3 Bc7 41. Ne4 Bd8 42. Nf2 Bc7 43. a3 Bd6 44. Ne4 Be7 45. Ng3 Bd6 46. Ne4 Be7 47. Nf2 a6 48. Ke3 b5 49. cxb5 axb5 50. a4 bxa4 51. bxa4 Bd8 52. Kd3 Ba5 53. Kc4 Be1 54. Nd3 Bd2 55. Nxc5 Kh3 56. Ne4 Bxf4 57. Nxf6 h4 58. Nd5 Bd6 59. a5 Kxh2 60. a6 Bb8 61. f6 Kg3 62. f7 h3 63. f8=Q h2 64. Qxb8+ Kg2 65. Qxh2+ Kxh2 66. a7 1-0


[Site "https://www.chess.com"]

[Event "Titled Tuesday Blitz October 18 Late 2022"]
[White "Zhurbinsky, David"]
[Black "Gorodetzky, David"]
[WhiteFideId "2072904"]
[BlackFideId "2813416"]
[WhiteElo "2605"]
[BlackElo "2487"]
[Result "0-1"]
[Round "06"]
[TimeControl "180+1"]
[Date "2022.10.18"]
[WhiteClock "0:00:01"]
[BlackClock "0:00:58"]

1. e4 e5 2. Nf3 Nf6 3. Nxe5 Nxe4 4. Qe2 Qe7 5. Qxe4 d6 6. d4 dxe5 7. dxe5 Nc6 8. Bb5 Bd7 9. Bf4 O-O-O 10. Nc3 Qb4 11. O-O-O Qxe4 12. Nxe4 Nxe5 13. Bxe5 Bxb5 14. Rxd8+ Kxd8 15. Rd1+ Kc8 16. Ng5 Be7 17. Nf3 f6 18. Bg3 Re8 19. c3 Bc5 20. Rd5 b6 21. Rd2 Bc6 22. b4 Bf8 23. Kb2 a6 24. Kb3 g5 25. h3 h5 26. a4 h4 27. Bh2 b5 28. axb5 axb5 29. Nd4 Bd5+ 30. Kb2 Bc4 31. Nf5 Re1 32. f4 Re2 33. Rxe2 Bxe2 34. fxg5 fxg5 35. Nd4 Bf1 36. Ne6 Be7 37. Nxc7 Bxg2 38. Nxb5 Bxh3 39. Nd4 Bd7 40. Kb3 g4 41. b5 g3 42. Bg1 h3 43. Nf3 Bxb5 44. c4 Bc6 45. Nh2 Bd6 46. Ng4 Bf3 47. c5 Bxg4 48. cxd6 h2 49. d7+ Kxd7 50. Bf2 h1=Q 51. Bxg3 Qd5+ 52. Kb4 Be2 53. Bd6 Qc4+ 54. Ka3 Qc3+ 55. Ka4 Qb2 56. Bb4 Bc4 57. Ka5 Kc6 58. Bc5 Qb5# 0-1


[Site "https://www.chess.com"]

[Event "Titled Tuesday Blitz October 18 Late 2022"]
[White "Zochowski, Kacper"]
[Black "Barria Zuniga, Daniel"]
[WhiteFideId "1125494"]
[BlackFideId "3400816"]
[WhiteElo "2292"]
[BlackElo "2414"]
[Result "1/2-1/2"]
[Round "06"]
[TimeControl "180+1"]
[Date "2022.10.19"]
[WhiteClock "0:00:19"]
[BlackClock "0:00:12"]

1. Nf3 g6 2. c4 Bg7 3. g3 e6 4. Bg2 Ne7 5. Nc3 d5 6. O-O O-O 7. b3 d4 8. Na4 e5 9. d3 h6 10. Bb2 Nbc6 11. e3 dxe3 12. fxe3 e4 13. dxe4 Bxb2 14. Nxb2 Bg4 15. Nd3 Bxf3 16. Bxf3 Qd6 17. Qe2 Ne5 18. Rfd1 Nxd3 19. Rxd3 Qc5 20. Rad1 Nc6 21. Rd5 Qa3 22. e5 Rae8 23. Rb5 Nxe5 24. Bxb7 c6 25. Rxe5 Rxe5 26. Bxc6 Qc5 27. Bd5 Rxe3 28. Qf2 Qe7 29. Rf1 Kg7 30. b4 f5 31. b5 Qe5 32. a4 Re8 33. a5 Qd4 34. a6 Qb6 35. Qb2+ Kh7 36. Qf2 R8e7 37. Kh1 h5 38. Kg1 Kh6 39. Qf4+ Kh7 40. Qf2 Qc5 41. Kh1 Qd4 42. Kg1 Qb6 43. Kh1 Qf6 44. Kg1 Qe5 45. Kh1 h4 46. gxh4 Re2 47. Qg3 Qb2 48. h5 gxh5 49. Qf4 Qe5 50. Qxf5+ Qxf5 51. Rxf5 Rg7 52. Rxh5+ Kg6 53. Rh3 Kf5 54. Rf3+ Ke5 55. Rf1 Rh7 56. b6 axb6 57. Ra1 Rhxh2+ 58. Kg1 Ra2 59. Re1+ Kf4 60. Re4+ Kg3 61. Re3+ Kf4 62. Re4+ Kf5 63. Re6 Rhb2 64. Re1 Rxa6 65. Rf1+ Ke5 66. Re1+ Kf4 67. Re4+ Kg3 68. Re3+ Kf4 69. Rf3+ Kg4 70. Rf1 Raa2 71. Re1 Kg3 72. Re3+ Kf4 73. Re1 Rc2 74. Re4+ Kf5 75. Re1 Kf4 76. Re4+ Kg3 77. Re1 Rg2+ 78. Bxg2 Rxg2+ 79. Kf1 Rf2+ 80. Kg1 Rg2+ 81. Kf1 Rf2+ 82. Kg1 Rg2+ 1/2-1/2


[Site "https://www.chess.com"]

[Event "Titled Tuesday Blitz October 18 Late 2022"]
[White "Abdyzhapar, Asylbek"]
[Black "Li, Ruifeng"]
[WhiteFideId "13800337"]
[BlackFideId "2061074"]
[WhiteElo "2323"]
[BlackElo "2441"]
[Result "0-1"]
[Round "07"]
[TimeControl "180+1"]
[Date "2022.10.18"]
[WhiteClock "0:00:31"]
[BlackClock "0:00:25"]

1. d4 Nf6 2. c4 e6 3. Nc3 Bb4 4. e3 O-O 5. Bd2 b6 6. Nf3 Bb7 7. Bd3 d5 8. a3 Bd6 9. cxd5 exd5 10. Ne5 c5 11. O-O Nc6 12. Nxc6 Bxc6 13. h3 Re8 14. Qf3 Rc8 15. Rad1 c4 16. Bb1 b5 17. g4 a5 18. Qg2 b4 19. axb4 axb4 20. Ne2 Ne4 21. Bc1 Ba4 22. f3 Bxd1 23. Rxd1 Ng5 24. e4 dxe4 25. fxe4 c3 26. bxc3 bxc3 27. Bc2 Ra8 28. e5 Bb4 29. h4 Ne6 30. d5 Nc5 31. Qg3 Ra2 32. Nd4 Qxd5 33. Nf5 Ne4 34. Qe3 Qxe5 35. Bb3 Bc5 36. Nd4 Qh2+ 0-1


[Site "https://www.chess.com"]

[Event "Titled Tuesday Blitz October 18 Late 2022"]
[White "Aggelis, Nikolaos"]
[Black "Hoffmann, Asa"]
[WhiteFideId "4213220"]
[BlackFideId "2001470"]
[WhiteElo "2187"]
[BlackElo "2117"]
[Result "1-0"]
[Round "07"]
[TimeControl "180+1"]
[Date "2022.10.19"]
[WhiteClock "0:00:47"]
[BlackClock "0:00:47"]

1. e4 d6 2. d4 Nf6 3. Nc3 c6 4. Nf3 Bg4 5. Be2 e6 6. O-O d5 7. exd5 cxd5 8. h3 Bxf3 9. Bxf3 Nc6 10. Re1 Be7 11. Qe2 Nxd4 12. Qd3 Nxf3+ 13. Qxf3 O-O 14. Bf4 Rc8 15. Rad1 Qa5 16. Be5 Rc6 17. Qg3 Rfc8 18. a3 Qd8 19. Re2 a6 20. Ne4 Rxc2 21. Rxc2 Rxc2 22. Nxf6+ Bxf6 23. Bxf6 Qf8 24. Bc3 f6 25. Qd3 Rxc3 26. Qxc3 1-0


[Site "https://www.chess.com"]

[Event "Titled Tuesday Blitz October 18 Late 2022"]
[White "Al Hosani, Omran"]
[Black "Koziorowicz, Michal"]
[WhiteFideId "9308733"]
[BlackFideId "21809194"]
[WhiteElo "2167"]
[BlackElo "2220"]
[Result "1-0"]
[Round "07"]
[TimeControl "180+1"]
[Date "2022.10.18"]
[WhiteClock "0:00:02"]
[BlackClock "0:00:02"]

1. d4 e6 2. e4 d5 3. e5 c5 4. Nf3 Nc6 5. Bd3 Qb6 6. O-O cxd4 7. a3 a5 8. Re1 Nge7 9. Nbd2 Ng6 10. Nf1 Be7 11. g3 Bd7 12. h4 Nf8 13. Bf4 a4 14. Rb1 Na5 15. b4 axb3 16. cxb3 Bxa3 17. b4 Nc6 18. b5 Na5 19. Qa4 Be7 20. Ra1 Bd8 21. Bd2 Qa7 22. Ra2 Ng6 23. Nxd4 Bb6 24. Bxa5 Bxd4 25. b6 Bxa4 26. bxa7 Bd7 27. Rd1 Bxa7 28. Bb6 Nxe5 29. Rxa7 Rxa7 30. Bxa7 Bc6 31. Bd4 f6 32. Bxe5 fxe5 33. Rb1 Kd7 34. Bb5 Kc7 35. Ne3 Ra8 36. Ng4 Kd6 37. Bxc6 bxc6 38. Rb7 Rg8 39. Kf1 d4 40. f3 h5 41. Nf2 c5 42. Ne4+ Kd5 43. Rd7+ Kc4 44. Rc7 Kd3 45. Nxc5+ Ke3 46. Nxe6 Ra8 47. Ng5 1-0


[Site "https://www.chess.com"]

[Event "Titled Tuesday Blitz October 18 Late 2022"]
[White "Alexikov, Alexander"]
[Black "Marcolino, Daniel Mattos"]
[WhiteFideId "14103958"]
[BlackFideId "2106841"]
[WhiteElo "2222"]
[BlackElo "2068"]
[Result "1-0"]
[Round "07"]
[TimeControl "180+1"]
[Date "2022.10.19"]
[WhiteClock "0:00:22"]
[BlackClock "0:00:02"]

1. e4 c6 2. d4 d5 3. e5 c5 4. dxc5 e6 5. Be3 Nd7 6. Bb5 Ne7 7. c3 Nc6 8. Bd4 Bxc5 9. Nf3 O-O 10. O-O Bxd4 11. cxd4 f6 12. Re1 fxe5 13. Bxc6 bxc6 14. Nxe5 Nxe5 15. Rxe5 Qb6 16. b3 c5 17. Nc3 cxd4 18. Na4 Qb4 19. Rc1 d3 20. Re3 Qf4 21. Qd2 Bd7 22. Nc5 Rad8 23. Nxd3 Qf6 24. f4 Bb5 25. g3 Bxd3 26. Qxd3 Rc8 27. Rce1 Rc6 28. Re5 Rfc8 29. R1e2 Rc1+ 30. Kg2 R8c6 31. Qe3 Ra1 32. Qxa7 Rcc1 33. Rxe6 1-0


[Site "https://www.chess.com"]